[ PARTIDA AOE2 · #485076469 ]
UnrankedMongoles vs Gurjaras
[ ANÁLISIS DE REPETICIÓN · EXTRAÍDO DE LA PARTIDA GRABADA ]
Feudal
11:25
Castillos
—
Imperial
—
| APM promedio | 47.6 |
| APM pico | 108 |
| eAPM promedio | 21.6 |
| Aldeanos / militares | 49 / 12 |
Foco
⚔️ 35.3% · 🌾 64.7%
Scout Cavalry ×7 · Spearman ×5
Feudal
—
Castillos
—
Imperial
—
| APM promedio | 46.3 |
| APM pico | 115 |
| eAPM promedio | 29.5 |
| Aldeanos / militares | 23 / 0 |
Foco
⚔️ 34.1% · 🌾 65.9%
Feudal
18:42
Castillos
—
Imperial
—
| APM promedio | 48.0 |
| APM pico | 88 |
| eAPM promedio | 28.4 |
| Aldeanos / militares | 37 / 16 |
Foco
⚔️ 51.7% · 🌾 48.3%
Militia ×9 · Archer ×4 · Spearman ×3
Feudal
12:58
Castillos
—
Imperial
—
| APM promedio | 35.2 |
| APM pico | 82 |
| eAPM promedio | 15.0 |
| Aldeanos / militares | 33 / 9 |
Foco
⚔️ 33.0% · 🌾 67.0%
Scout Cavalry ×6 · Spearman ×3
Mapa de la partida
Recursos iniciales + cada clic de construcción. Líneas = muros · curvas = relieve. ◆ oro · ⬟ piedra · ● bayas · ✦ reliquia · ◌ hueco del cierre
Tu base· Abierta — flanco sin cerrar
Base de Shammgod· Abierta — flanco sin cerrar
Base de TAG_Sitaux· Abierta — hueco de 4t
Base de billy bad beat II· Abierta — flanco sin cerrar
Terreno inicial suavizado · ◌ = hueco del cierre detectado · pasá el cursor para detalles
Inputs por minuto
— Smiley - - Shammgod
Build order — Smiley
121 acciones detectadas en el replay
| 0:27 | Construir | Town Center |
| 2:32 | Crear | Villager (Male) |
| 2:32 | Crear | Villager (Male) |
| 2:32 | Crear | Villager (Male) |
| 2:32 | Crear | Villager (Male) |
| 2:33 | Crear | Villager (Male) |
| 2:39 | Construir | House |
| 3:51 | Crear | Villager (Male) |
| 3:53 | Construir | Lumber Camp |
| 4:29 | Crear | Villager (Male) |
| 4:29 | Crear | Villager (Male) |
| 4:36 | Crear | Villager (Male) |
| 4:43 | Construir | House |
| 4:48 | Crear | Villager (Male) |
| 4:48 | Crear | Villager (Male) |
| 5:33 | Crear | Villager (Male) |
| 5:34 | Crear | Villager (Male) |
| 5:40 | Crear | Villager (Male) |
| 5:40 | Crear | Villager (Male) |
| 5:55 | Crear | Villager (Male) |
| 6:00 | Construir | House |
| 6:18 | Crear | Villager (Male) |
| 6:23 | Crear | Villager (Male) |
| 6:34 | Investigar | Loom |
| 6:39 | Construir | House |
| 6:40 | Crear | Villager (Male) |
| 6:41 | Crear | Villager (Male) |
| 6:58 | Crear | Villager (Male) |
| 7:02 | Crear | Villager (Male) |
| 7:04 | Construir | House |
| 7:05 | Crear | Villager (Male) |
| 7:32 | Crear | Villager (Male) |
| 8:03 | Crear | Villager (Male) |
| 8:19 | Construir | Mill |
| 8:23 | Crear | Villager (Male) |
| 9:12 | Investigar | Feudal Age |
| 9:15 | Investigar | Feudal Age |
| 9:38 | Crear | Villager (Male) |
| 9:53 | Construir | House |
| 10:10 | Construir | Barracks |
| 10:20 | Construir | House |
| 10:46 | Construir | House |
| 11:09 | Construir | House |
| 11:25 | Edad | Edad Feudal |
| 11:28 | Construir | Stable |
| 11:34 | Construir | House |
| 11:42 | Crear | Villager (Male) |
| 11:45 | Investigar | Double-Bit Axe |
| 12:03 | Crear | Villager (Male) |
| 12:07 | Construir | House |
| 12:09 | Construir | Palisade Wall |
| 12:10 | Construir | Palisade Wall |
| 12:14 | Construir | House |
| 12:17 | Crear | Scout Cavalry |
| 12:17 | Crear | Villager (Male) |
| 12:25 | Crear | Spearman |
| 12:38 | Construir | House |
| 12:39 | Construir | Palisade Wall |
| 12:50 | Crear | Spearman |
| 13:03 | Investigar | Horse Collar |
| 13:07 | Crear | Villager (Male) |
| 13:07 | Crear | Scout Cavalry |
| 13:08 | Crear | Scout Cavalry |
| 13:17 | Construir | Palisade Gate |
| 13:19 | Construir | Palisade Wall |
| 13:19 | Construir | Palisade Wall |
| 13:21 | Construir | Palisade Wall |
| 13:33 | Crear | Villager (Male) |
| 13:35 | Crear | Scout Cavalry |
| 13:51 | Crear | Villager (Male) |
| 13:55 | Construir | Farm |
| 13:57 | Construir | Farm |
| 13:59 | Crear | Villager (Male) |
| 14:12 | Construir | Farm |
| 14:17 | Construir | Mill |
| 14:25 | Crear | Villager (Male) |
| 14:30 | Construir | Farm |
| 14:49 | Crear | Spearman |
| 14:56 | Construir | House |
| 14:57 | Construir | Palisade Wall |
| 14:59 | Construir | Palisade Wall |
| 15:01 | Crear | Villager (Male) |
| 15:05 | Crear | Spearman |
| 15:17 | Crear | Villager (Male) |
| 15:32 | Construir | Farm |
| 15:37 | Construir | Mining Camp |
| 15:39 | Crear | Spearman |
| 15:54 | Construir | House |
| 15:55 | Construir | Palisade Wall |
| 15:58 | Crear | Villager (Male) |
| 16:04 | Construir | Farm |
| 16:10 | Construir | Palisade Gate |
| 16:11 | Construir | House |
| 16:32 | Crear | Villager (Male) |
| 16:43 | Crear | Villager (Male) |
| 16:48 | Construir | Farm |
| 16:51 | Crear | Villager (Male) |
| 17:08 | Crear | Villager (Male) |
| 17:14 | Crear | Villager (Male) |
| 17:18 | Construir | Blacksmith |
| 17:28 | Construir | Palisade Wall |
| 18:15 | Crear | Scout Cavalry |
| 18:25 | Construir | Palisade Gate |
| 18:28 | Construir | Palisade Gate |
| 18:41 | Crear | Scout Cavalry |
| 18:47 | Construir | Farm |
| 18:54 | Crear | Villager (Male) |
| 18:57 | Construir | Mill |
| 19:09 | Crear | Villager (Male) |
| 19:16 | Crear | Scout Cavalry |
| 19:17 | Crear | Villager (Male) |
| 19:26 | Construir | Farm |
| 19:40 | Crear | Villager (Male) |
| 19:48 | Construir | House |
| 19:53 | Investigar | Castle Age |
| 20:51 | Investigar | Scale Barding Armor |
| 21:01 | Construir | Stable |
| 21:12 | Construir | Palisade Wall |
| 21:13 | Crear | Villager (Male) |
| 21:31 | Investigar | Bloodlines |
| 21:47 | Crear | Villager (Male) |
Build order — Shammgod
84 acciones detectadas en el replay
| 0:15 | Construir | Town Center |
| 1:22 | Construir | House |
| 2:08 | Crear | Villager (Male) |
| 2:08 | Crear | Villager (Male) |
| 2:09 | Crear | Villager (Male) |
| 2:09 | Crear | Villager (Male) |
| 2:09 | Crear | Villager (Male) |
| 2:52 | Construir | Lumber Camp |
| 3:25 | Crear | Villager (Male) |
| 3:25 | Crear | Villager (Male) |
| 3:51 | Crear | Villager (Male) |
| 4:13 | Construir | House |
| 4:34 | Crear | Villager (Male) |
| 5:02 | Construir | Mill |
| 5:04 | Crear | Villager (Male) |
| 5:32 | Investigar | Loom |
| 6:05 | Crear | Villager (Male) |
| 6:27 | Construir | House |
| 6:31 | Crear | Villager (Male) |
| 7:08 | Crear | Villager (Male) |
| 7:12 | Construir | Palisade Wall |
| 7:14 | Construir | Palisade Wall |
| 7:17 | Construir | Palisade Wall |
| 7:18 | Construir | Palisade Wall |
| 7:38 | Crear | Villager (Male) |
| 7:45 | Construir | Palisade Wall |
| 7:45 | Construir | Palisade Wall |
| 7:46 | Construir | Palisade Wall |
| 7:46 | Construir | Palisade Wall |
| 7:47 | Construir | Palisade Wall |
| 7:47 | Construir | Palisade Wall |
| 7:48 | Construir | Palisade Wall |
| 7:55 | Crear | Villager (Male) |
| 7:55 | Crear | Villager (Male) |
| 8:18 | Crear | Villager (Male) |
| 8:51 | Crear | Villager (Male) |
| 8:52 | Crear | Villager (Male) |
| 8:52 | Crear | Villager (Male) |
| 8:56 | Construir | Palisade Wall |
| 8:59 | Construir | Palisade Wall |
| 9:00 | Construir | Palisade Wall |
| 9:03 | Construir | Palisade Wall |
| 9:14 | Construir | Palisade Wall |
| 9:29 | Construir | Town Center |
| 10:06 | Construir | Palisade Wall |
| 10:07 | Construir | Palisade Wall |
| 10:08 | Construir | Palisade Wall |
| 10:52 | Crear | Villager (Male) |
| 10:52 | Crear | Villager (Male) |
| 11:07 | Construir | Palisade Wall |
| 11:08 | Construir | Palisade Wall |
| 11:10 | Construir | Palisade Wall |
| 11:18 | Crear | Villager (Male) |
| 14:53 | Construir | Palisade Wall |
| 14:55 | Construir | Palisade Wall |
| 14:58 | Construir | Palisade Wall |
| 15:00 | Construir | Palisade Wall |
| 15:01 | Construir | Palisade Wall |
| 15:02 | Construir | Palisade Wall |
| 15:18 | Construir | Palisade Wall |
| 15:19 | Construir | Palisade Wall |
| 15:21 | Construir | Palisade Wall |
| 15:21 | Construir | Palisade Wall |
| 15:22 | Construir | Palisade Wall |
| 16:07 | Construir | Palisade Wall |
| 16:08 | Construir | Palisade Wall |
| 16:13 | Construir | Palisade Wall |
| 16:15 | Construir | Palisade Wall |
| 16:17 | Construir | Palisade Wall |
| 16:18 | Construir | Palisade Wall |
| 16:24 | Construir | Palisade Wall |
| 16:34 | Construir | Palisade Wall |
| 16:35 | Construir | Palisade Wall |
| 16:38 | Construir | Palisade Wall |
| 16:51 | Construir | Palisade Wall |
| 17:02 | Construir | Palisade Wall |
| 18:00 | Construir | Palisade Gate |
| 18:07 | Construir | Palisade Gate |
| 18:57 | Construir | Town Center |
| 19:00 | Construir | Palisade Wall |
| 19:02 | Construir | Palisade Wall |
| 19:04 | Construir | Palisade Gate |
| 19:36 | Construir | Palisade Wall |
| 21:51 | Construir | Town Center |
Build order — TAG_Sitaux
111 acciones detectadas en el replay
| 0:07 | Construir | Town Center |
| 2:18 | Construir | House |
| 2:19 | Construir | House |
| 2:20 | Crear | Villager (Male) |
| 2:20 | Crear | Villager (Male) |
| 2:20 | Crear | Villager (Male) |
| 2:22 | Crear | Villager (Male) |
| 3:13 | Construir | House |
| 3:14 | Construir | House |
| 3:28 | Crear | Villager (Male) |
| 3:57 | Crear | Villager (Male) |
| 4:20 | Crear | Villager (Male) |
| 4:20 | Crear | Villager (Male) |
| 4:26 | Construir | Lumber Camp |
| 4:56 | Crear | Villager (Male) |
| 5:23 | Crear | Villager (Male) |
| 5:45 | Crear | Villager (Male) |
| 5:53 | Construir | Palisade Wall |
| 6:08 | Crear | Villager (Male) |
| 6:37 | Construir | Barracks |
| 6:43 | Crear | Villager (Male) |
| 6:49 | Crear | Villager (Male) |
| 6:57 | Construir | Palisade Wall |
| 6:58 | Construir | Palisade Wall |
| 7:01 | Construir | Palisade Wall |
| 7:26 | Crear | Villager (Male) |
| 7:26 | Crear | Villager (Male) |
| 7:32 | Construir | House |
| 7:35 | Crear | Militia |
| 7:35 | Crear | Militia |
| 7:39 | Construir | Palisade Wall |
| 7:46 | Crear | Militia |
| 8:03 | Crear | Villager (Male) |
| 8:13 | Crear | Militia |
| 8:13 | Crear | Militia |
| 8:26 | Crear | Villager (Male) |
| 8:35 | Crear | Villager (Male) |
| 8:57 | Crear | Militia |
| 9:09 | Crear | Villager (Male) |
| 9:10 | Construir | House |
| 9:13 | Crear | Militia |
| 9:30 | Crear | Militia |
| 9:48 | Construir | Lumber Camp |
| 10:03 | Crear | Militia |
| 11:13 | Crear | Villager (Male) |
| 12:11 | Crear | Villager (Male) |
| 12:24 | Construir | House |
| 12:36 | Crear | Villager (Male) |
| 12:59 | Crear | Villager (Male) |
| 13:25 | Crear | Villager (Male) |
| 13:52 | Crear | Villager (Male) |
| 14:00 | Construir | Palisade Gate |
| 14:03 | Construir | Palisade Wall |
| 14:18 | Crear | Villager (Male) |
| 14:29 | Construir | Palisade Wall |
| 14:39 | Construir | Mill |
| 14:41 | Crear | Villager (Male) |
| 14:53 | Construir | Mining Camp |
| 15:01 | Crear | Villager (Male) |
| 15:31 | Crear | Villager (Male) |
| 15:45 | Construir | Palisade Wall |
| 15:53 | Construir | Palisade Wall |
| 15:56 | Investigar | Loom |
| 15:58 | Construir | Palisade Wall |
| 15:59 | Construir | Palisade Wall |
| 16:02 | Construir | Palisade Wall |
| 16:07 | Crear | Villager (Male) |
| 16:12 | Construir | House |
| 16:25 | Construir | Palisade Wall |
| 16:26 | Construir | Palisade Wall |
| 16:28 | Investigar | Feudal Age |
| 16:36 | Construir | Palisade Wall |
| 16:42 | Construir | Palisade Wall |
| 16:43 | Construir | Palisade Wall |
| 17:04 | Construir | Palisade Wall |
| 17:12 | Construir | Lumber Camp |
| 17:50 | Construir | Palisade Wall |
| 17:51 | Construir | Palisade Wall |
| 18:25 | Construir | Palisade Wall |
| 18:41 | Construir | House |
| 18:42 | Edad | Edad Feudal |
| 18:43 | Crear | Villager (Male) |
| 18:44 | Crear | Spearman |
| 18:51 | Construir | Archery Range |
| 18:53 | Investigar | Double-Bit Axe |
| 18:53 | Investigar | Double-Bit Axe |
| 18:54 | Investigar | Horse Collar |
| 18:55 | Crear | Villager (Male) |
| 18:56 | Construir | Farm |
| 19:07 | Crear | Spearman |
| 19:09 | Crear | Villager (Male) |
| 19:27 | Crear | Villager (Male) |
| 19:46 | Crear | Villager (Male) |
| 20:03 | Crear | Villager (Male) |
| 20:24 | Crear | Spearman |
| 20:33 | Crear | Archer |
| 20:46 | Construir | Mining Camp |
| 20:56 | Construir | Outpost |
| 20:56 | Crear | Archer |
| 21:02 | Construir | Farm |
| 21:04 | Construir | Farm |
| 21:09 | Construir | Farm |
| 21:11 | Construir | Farm |
| 21:13 | Crear | Archer |
| 21:23 | Construir | Farm |
| 21:29 | Construir | Farm |
| 21:30 | Construir | Farm |
| 21:31 | Construir | Mill |
| 21:32 | Construir | Farm |
| 21:42 | Construir | Watch Tower |
| 21:48 | Crear | Archer |
Build order — billy bad beat II
89 acciones detectadas en el replay
| 0:26 | Construir | Town Center |
| 0:42 | Construir | Mill |
| 1:26 | Construir | House |
| 2:38 | Crear | Villager (Male) |
| 2:40 | Crear | Villager (Male) |
| 2:42 | Crear | Villager (Male) |
| 2:42 | Crear | Villager (Male) |
| 3:28 | Crear | Villager (Male) |
| 3:59 | Crear | Villager (Male) |
| 4:42 | Construir | Lumber Camp |
| 5:01 | Crear | Villager (Male) |
| 5:03 | Crear | Villager (Male) |
| 5:07 | Construir | House |
| 5:25 | Crear | Villager (Male) |
| 6:09 | Crear | Villager (Male) |
| 6:13 | Construir | House |
| 6:43 | Crear | Villager (Male) |
| 7:16 | Crear | Villager (Male) |
| 7:48 | Crear | Villager (Male) |
| 8:03 | Investigar | Loom |
| 8:08 | Construir | House |
| 8:12 | Crear | Villager (Male) |
| 8:21 | Construir | House |
| 8:27 | Crear | Villager (Male) |
| 8:33 | Construir | House |
| 9:18 | Crear | Villager (Male) |
| 9:33 | Crear | Villager (Male) |
| 9:37 | Crear | Villager (Male) |
| 9:56 | Construir | Barracks |
| 10:04 | Construir | House |
| 10:48 | Investigar | Feudal Age |
| 11:43 | Construir | Palisade Wall |
| 11:48 | Construir | House |
| 11:51 | Construir | Palisade Gate |
| 11:52 | Construir | Palisade Wall |
| 12:58 | Edad | Edad Feudal |
| 13:01 | Investigar | Double-Bit Axe |
| 13:03 | Construir | Stable |
| 13:07 | Crear | Spearman |
| 13:34 | Crear | Villager (Male) |
| 13:41 | Crear | Spearman |
| 13:44 | Crear | Villager (Male) |
| 13:46 | Crear | Scout Cavalry |
| 13:47 | Crear | Scout Cavalry |
| 13:49 | Construir | House |
| 14:27 | Crear | Scout Cavalry |
| 14:35 | Crear | Villager (Male) |
| 14:37 | Construir | Blacksmith |
| 14:39 | Construir | Palisade Wall |
| 14:41 | Construir | House |
| 14:51 | Crear | Spearman |
| 14:56 | Construir | House |
| 15:00 | Construir | Palisade Gate |
| 15:03 | Construir | Farm |
| 15:04 | Construir | Farm |
| 15:05 | Construir | Farm |
| 15:14 | Construir | Palisade Wall |
| 15:28 | Crear | Scout Cavalry |
| 15:29 | Crear | Villager (Male) |
| 15:31 | Construir | Farm |
| 15:32 | Construir | Farm |
| 16:02 | Investigar | Forging |
| 16:09 | Construir | House |
| 16:28 | Crear | Villager (Male) |
| 16:34 | Construir | Farm |
| 17:13 | Crear | Villager (Male) |
| 17:20 | Construir | Farm |
| 17:23 | Construir | House |
| 17:27 | Crear | Scout Cavalry |
| 17:55 | Construir | House |
| 17:55 | Crear | Villager (Male) |
| 17:58 | Construir | Farm |
| 17:58 | Construir | Farm |
| 17:59 | Construir | Farm |
| 18:33 | Crear | Villager (Male) |
| 18:37 | Crear | Villager (Male) |
| 18:41 | Construir | Market |
| 18:55 | Crear | Villager (Male) |
| 18:56 | Investigar | Scale Barding Armor |
| 19:00 | Construir | Mining Camp |
| 19:21 | Crear | Scout Cavalry |
| 19:43 | Crear | Villager (Male) |
| 19:50 | Construir | Farm |
| 19:52 | Construir | House |
| 20:43 | Crear | Villager (Male) |
| 20:44 | Crear | Villager (Male) |
| 20:44 | Crear | Villager (Male) |
| 20:47 | Construir | House |
| 21:03 | Crear | Villager (Male) |
Cronología de la partida
| 5:53 | TAG_Sitaux · wall_segment Palisade Wall x1 |
| 6:37 | TAG_Sitaux · first_building Barracks |
| 6:57 | TAG_Sitaux · wall_segment Palisade Wall x1 |
| 6:58 | TAG_Sitaux · wall_segment Palisade Wall x1 |
| 7:01 | TAG_Sitaux · wall_segment Palisade Wall x1 |
| 7:12 | Shammgod · wall_segment Palisade Wall x1 |
| 7:14 | Shammgod · wall_segment Palisade Wall x1 |
| 7:17 | Shammgod · wall_segment Palisade Wall x1 |
| 7:18 | Shammgod · wall_segment Palisade Wall x1 |
| 7:39 | TAG_Sitaux · wall_segment Palisade Wall x1 |
| 7:45 | Shammgod · wall_segment Palisade Wall x1 |
| 7:45 | Shammgod · wall_segment Palisade Wall x1 |
| 7:46 | Shammgod · wall_segment Palisade Wall x1 |
| 7:46 | Shammgod · wall_segment Palisade Wall x1 |
| 7:47 | Shammgod · wall_segment Palisade Wall x1 |
| 7:47 | Shammgod · wall_segment Palisade Wall x1 |
| 7:48 | Shammgod · wall_segment Palisade Wall x1 |
| 8:56 | Shammgod · wall_segment Palisade Wall x1 |
| 8:59 | Shammgod · wall_segment Palisade Wall x1 |
| 9:00 | Shammgod · wall_segment Palisade Wall x1 |
| 9:03 | Shammgod · wall_segment Palisade Wall x1 |
| 9:14 | Shammgod · wall_segment Palisade Wall x1 |
| 9:56 | billy bad beat II · first_building Barracks |
| 10:06 | Shammgod · wall_segment Palisade Wall x1 |
| 10:07 | Shammgod · wall_segment Palisade Wall x1 |
| 10:08 | Shammgod · wall_segment Palisade Wall x1 |
| 10:10 | Smiley · first_building Barracks |
| 11:07 | Shammgod · wall_segment Palisade Wall x1 |
| 11:08 | Shammgod · wall_segment Palisade Wall x1 |
| 11:10 | Shammgod · wall_segment Palisade Wall x1 |
| 11:25 | Smiley · age_up feudal |
| 11:28 | Smiley · first_building Stable |
| 11:43 | billy bad beat II · wall_segment Palisade Wall x1 |
| 11:52 | billy bad beat II · wall_segment Palisade Wall x4 |
| 12:09 | Smiley · wall_segment Palisade Wall x4 |
| 12:10 | Smiley · wall_segment Palisade Wall x1 |
| 12:39 | Smiley · wall_segment Palisade Wall x8 |
| 12:58 | billy bad beat II · age_up feudal |
| 13:03 | billy bad beat II · first_building Stable |
| 13:19 | Smiley · wall_segment Palisade Wall x1 |
| 13:19 | Smiley · wall_segment Palisade Wall x1 |
| 13:21 | Smiley · wall_segment Palisade Wall x4 |
| 14:03 | TAG_Sitaux · wall_segment Palisade Wall x1 |
| 14:29 | TAG_Sitaux · wall_segment Palisade Wall x2 |
| 14:39 | billy bad beat II · wall_segment Palisade Wall x1 |
| 14:53 | Shammgod · wall_segment Palisade Wall x1 |
| 14:55 | Shammgod · wall_segment Palisade Wall x1 |
| 14:57 | Smiley · wall_segment Palisade Wall x1 |
| 14:58 | Shammgod · wall_segment Palisade Wall x1 |
| 14:59 | Smiley · wall_segment Palisade Wall x4 |
| 15:00 | Shammgod · wall_segment Palisade Wall x1 |
| 15:01 | Shammgod · wall_segment Palisade Wall x1 |
| 15:02 | Shammgod · wall_segment Palisade Wall x1 |
| 15:14 | billy bad beat II · wall_segment Palisade Wall x2 |
| 15:18 | Shammgod · wall_segment Palisade Wall x1 |
| 15:19 | Shammgod · wall_segment Palisade Wall x1 |
| 15:21 | Shammgod · wall_segment Palisade Wall x1 |
| 15:21 | Shammgod · wall_segment Palisade Wall x1 |
| 15:22 | Shammgod · wall_segment Palisade Wall x1 |
| 15:45 | TAG_Sitaux · wall_segment Palisade Wall x1 |
| 15:53 | TAG_Sitaux · wall_segment Palisade Wall x1 |
| 15:55 | Smiley · wall_segment Palisade Wall x1 |
| 15:58 | TAG_Sitaux · wall_segment Palisade Wall x1 |
| 15:59 | TAG_Sitaux · wall_segment Palisade Wall x1 |
| 16:02 | TAG_Sitaux · wall_segment Palisade Wall x1 |
| 16:07 | Shammgod · wall_segment Palisade Wall x1 |
| 16:08 | Shammgod · wall_segment Palisade Wall x1 |
| 16:13 | Shammgod · wall_segment Palisade Wall x1 |
| 16:15 | Shammgod · wall_segment Palisade Wall x1 |
| 16:17 | Shammgod · wall_segment Palisade Wall x1 |
| 16:18 | Shammgod · wall_segment Palisade Wall x1 |
| 16:24 | Shammgod · wall_segment Palisade Wall x1 |
| 16:25 | TAG_Sitaux · wall_segment Palisade Wall x1 |
| 16:26 | TAG_Sitaux · wall_segment Palisade Wall x1 |
| 16:34 | Shammgod · wall_segment Palisade Wall x1 |
| 16:35 | Shammgod · wall_segment Palisade Wall x1 |
| 16:36 | TAG_Sitaux · wall_segment Palisade Wall x1 |
| 16:38 | Shammgod · wall_segment Palisade Wall x1 |
| 16:42 | TAG_Sitaux · wall_segment Palisade Wall x1 |
| 16:43 | TAG_Sitaux · wall_segment Palisade Wall x1 |
| 16:51 | Shammgod · wall_segment Palisade Wall x1 |
| 17:02 | Shammgod · wall_segment Palisade Wall x1 |
| 17:04 | TAG_Sitaux · wall_segment Palisade Wall x1 |
| 17:28 | Smiley · wall_segment Palisade Wall x6 |
| 17:50 | TAG_Sitaux · wall_segment Palisade Wall x4 |
| 17:51 | TAG_Sitaux · wall_segment Palisade Wall x1 |
| 18:25 | TAG_Sitaux · wall_segment Palisade Wall x10 |
| 18:42 | TAG_Sitaux · age_up feudal |
| 18:51 | TAG_Sitaux · first_building Archery Range |
| 19:00 | Shammgod · wall_segment Palisade Wall x1 |
| 19:02 | Shammgod · wall_segment Palisade Wall x1 |
| 19:36 | Shammgod · wall_segment Palisade Wall x1 |
| 20:13 | billy bad beat II · tribute_sent a jugador 1 |
| 20:13 | billy bad beat II · tribute_sent a jugador 2 |
| 20:13 | billy bad beat II · tribute_sent a jugador 4 |
| 20:54 | billy bad beat II · tribute_sent a jugador 1 |
| 20:54 | billy bad beat II · tribute_sent a jugador 2 |
| 20:54 | billy bad beat II · tribute_sent a jugador 4 |
| 21:12 | Smiley · wall_segment Palisade Wall x7 |
| 21:51 | billy bad beat II · resign |
[ ANÁLISIS IA · 1 CRÉDITO ]
¿Qué pasó realmente en esta partida?
Wolo.gg analiza cada decisión: build order, eco, micro, errores típicos por bracket. Análisis personalizado por WhatsApp o Discord en 30 segundos.
Guía civ
Mongoles
Perfil
Smiley